 Dungeon Crawl Stone Soup version 0.27-a0-1189-gb8eb6cee8e (webtiles) character file.

Game seed: 1560396441528615800

2536 spiderkeys the Magician (level 9, 0/66 HPs)
             Began as a Gnoll Venom Mage on May 23, 2021.
             Was an Initiate of Gozag.
             Splashed by an acid dragon's acid (14 damage)
             ... on level 7 of the Dungeon.
             The game lasted 00:16:50 (12196 turns).

spiderkeys the Magician (Gnoll Venom Mage)         Turns: 12196, Time: 00:16:51

Health: 0/66       AC: -3    Str:  7    XL:     9   Next: 55%
Magic:  17/19      EV: 14    Int: 21    God:    Gozag
Gold:   449        SH:  0    Dex: 13    Spells: 6/21 levels left

rFire    + . .     SeeInvis .   r - +2 dagger (elec)
rCold    + . .     Faith    .   (no shield)
rNeg     . . .     Spirit   .   a - +0 robe
rPois    .         Reflect  .   u - +1 helmet {Int+3}
rElec    .         Harm     .   i - scarf {rC+ rF+}
rCorr    .         Rampage  .   (no gloves)
Will     .....                  (no boots)
Stlth    +++.......             (no amulet)
HPRegen  0.21/turn              (no ring)
MPRegen  0.16/turn              (no ring)

@: corroded
A: fangs 1, strong nose, distributed training
a: Renounce Religion, Potion Petition, Call Merchant, Bribe Branch


You were on level 7 of the Dungeon.
You worshipped Gozag.
Gozag was aware of your devotion.
You visited 2 branches of the dungeon, and saw 8 of its levels.
You also visited: Sewer.

You collected 516 gold pieces.
You paid 67 gold pieces to Gozag.


Innate Abilities, Weirdness & Mutations

You have very sharp teeth.
Your uncanny sense of smell can sniff out nearby items.
Your experience applies equally to all skills.


   Skills:
 + Level 4.3 Fighting
 + Level 4.3 Short Blades
 + Level 4.3 Long Blades
 + Level 4.3 Axes
 + Level 4.3 Maces & Flails
 + Level 4.3 Polearms
 + Level 4.3 Staves
 + Level 4.3 Slings
 + Level 4.3 Bows
 + Level 4.3 Crossbows
 + Level 4.3 Throwing
 + Level 4.3 Armour
 + Level 6.4 Dodging
 + Level 6.1 Stealth
 + Level 4.3 Shields
 + Level 4.3 Unarmed Combat
 + Level 6.7 Spellcasting
 + Level 3.6 Conjurations
 + Level 3.6 Hexes
 + Level 3.6 Summonings
 + Level 3.6 Necromancy
 + Level 3.6 Translocations
 + Level 4.2 Transmutations
 + Level 3.6 Fire Magic
 + Level 3.6 Ice Magic
 + Level 3.6 Air Magic
 + Level 3.6 Earth Magic
 + Level 6.6 Poison Magic
 + Level 4.8 Invocations
 + Level 4.3 Evocations


You had 6 spell levels left.
You knew the following spells:

 Your Spells              Type           Power      Damage    Failure   Level
c - Call Imp              Summ           22%        N/A       3%          2
m - Mephitic Cloud        Conj/Pois/Air  26%        N/A       4%          3
o - Olgreb's Toxic Radia  Pois           34%        N/A       6%          4
p - Poisonous Vapours     Pois/Air       56%        N/A       1%          2
z - Sting                 Tmut/Pois      100%       1d8       1%          1
X - Ignite Poison         Fire/Tmut/Pois 27%        N/A       3%          3

Your spell library contained the following spells:

 Spells                   Type           Power      Damage    Failure   Level
 Summon Small Mammal      Summ           88%        N/A       1%          1
 Call Canine Familiar     Summ           22%        N/A       6%          3
 Summon Guardian Golem    Hex/Summ       22%        N/A       6%          3
 Summon Ice Beast         Ice/Summ       22%        N/A       21%         4
 Summon Lightning Spire   Summ/Air       22%        N/A       21%         4

Inventory:

Hand Weapons
 r - a +2 dagger of electrocution (weapon)
   (You took it off a kobold in a sewer)
 z - a +2 dagger of draining
   (You found it on level 5 of the Dungeon)
Missiles
 b - 4 datura-tipped darts
 e - 74 arrows
 f - 177 stones
 p - 16 poisoned darts
 s - 8 curare-tipped darts {=f}
 A - 82 bolts
 D - 2 throwing nets {=f!f}
Armour
 a - a +0 robe (worn)
 i - a scarf of resistance (worn)
   (You found it on level 2 of the Dungeon)
 u - a +1 helmet of intelligence (worn)
   (You found it on level 4 of the Dungeon)
Magical Staves
 d - a staff of conjuration {!a}
   (You found it on level 1 of the Dungeon)
 v - a staff of air {!a}
   (You found it on level 3 of the Dungeon)
 w - a staff of death {!a}
   (You found it on level 3 of the Dungeon)
Wands
 y - a wand of iceblast (8)
   (You found it on level 4 of the Dungeon)
 C - a wand of polymorph (20)
   (You found it on level 6 of the Dungeon)
Scrolls
 g - a scroll of magic mapping {!r}
 j - 2 scrolls of teleportation {@r4}
 n - 3 scrolls of immolation {!r!r}
 o - 5 scrolls of identify {@r1}
 B - a scroll of brand weapon
Potions
 c - a potion of berserk rage {unknown}
 h - 6 potions of curing {@q1}
 k - 5 potions of flight
 l - 5 potions of heal wounds {@q2}
 m - 3 potions of brilliance
 q - 2 potions of cancellation
 t - a potion of might
 x - a potion of lignification {!q}

Dungeon Overview and Level Annotations

Branches:
Dungeon (7/15)             Temple (1/1) D:4           Sewer (visited)

Altars:
Ashenzari
Dithmenos
Elyvilon
Gozag
Hepliaklqana
Nemelex Xobeh
Qazlal
Ru
Sif Muna
Uskayaw
Vehumet
Wu Jian
Xom
Zin
The Shining One

Shops:
D:6

! ###+### ......# ...
......# ∆ #...... ......#
##....... ......#
......... ......#
..#...#..
......###+########.#..#<#
.......................#..
###'######..^.5D@...Y.....
#..........#######........
.....................###..
..#.#.#..#.#.............
..#.###..#.#............#
'##......#.....####.....#
..#......##..#.# .....#
..#..######..#............
..#..'........########+#..


You could see an acid dragon (catching breath, ally target), an ice beast and a
friendly white imp (summoned).


Message History

You lost 3 mp, and now have 8/19 mp.
Key pressed, stopping explore.
D - 2 throwing nets {=f!f} Key pressed, stopping explore.
There is a stone staircase leading up here.
You now have enough gold to petition Gozag for potion effects.
You now have 406 gold pieces (gained 7).
You see here a +0 club. 😎 MP[+11]
Your mp is fully restored (19).
You now have 412 gold pieces (gained 6).
You see here a +0 spear.
You now have 417 gold pieces (gained 5).
You see here a +0 whip.
Key pressed, stopping explore.
You see here a +0 short sword.
You open the door.
A bullfrog zombie comes into view.
There is an open door here.
You see here 9 poisoned darts.
The helpless bullfrog zombie fails to defend itself.
You impale the bullfrog zombie!!
You destroy the bullfrog zombie!
No target in view!
No target in view!
You now have 422 gold pieces (gained 5).
p - 16 poisoned darts (gained 9)
You open the door.
There is an open door here.
Found a stone staircase leading down.
You now have 436 gold pieces (gained 14).
A centaur comes into view.
The helpless centaur fails to defend itself.
You impale the centaur!! Lightning courses through the centaur!!
You kill the centaur! 😎 HP[+1]
You now have 66 max hp (+1).
Your hp is fully restored (66).
You now have 449 gold pieces (gained 13).
e - 74 arrows (gained 27)
You see here a +0 shortbow.
You open the door.
There is an open door here.
Key pressed, stopping explore.
You open the door.
There is an open door here.
You open the door.
There is an open door here.
An acid dragon comes into view.
l - 5 potions of heal wounds {@q2} (gained 1)
Found a stone staircase leading up.
The acid dragon roars!
The acid dragon bites you! The acid dragon claws you. 😕 HP[-11]
You take 11 damage, and now have 55/66 hp.
You hit the acid dragon but do no damage.
The acid dragon spits acid at you. The splash of acid hits you!
The acid corrodes you!
You are splashed with acid!
* * * LOW HITPOINT WARNING * * *
😨 HP[-25]
You take 25 damage, and now have 30/66 hp.
MASSIVE DAMAGE!! (PAUSE)
Casting: Ignite Poison (dangerous; 3% risk of failure)
Confirm with . or Enter, or press ? or * to list all spells.
Aiming: Poisonous Vapours (safe; 1% risk of failure)
Press: ? - help, Dir - move target, f - acid dragon
Aim: an acid dragon (catching its breath)
The acid dragon cannot be affected by poisonous vapours!
Casting: Poisonous Vapours (safe; 1% risk of failure)
Confirm with . or Enter, or press ? or * to list all spells.
A beastly little devil appears in a puff of frigid air.
The acid dragon closely misses you. The acid dragon claws you.
* * * LOW HITPOINT WARNING * * *
😨 HP[-6] MP[-2]
You take 6 damage, and now have 24/66 hp.
You lost 2 mp, and now have 17/19 mp.
You barely miss the acid dragon. The acid dragon misses you.
The acid dragon closely misses you.
You completely miss the acid dragon.
Your white imp barely misses the acid dragon.
You barely miss the acid dragon.
An ice beast comes into view.
The acid dragon closely misses you. The acid dragon misses you.
Your white imp hits the acid dragon.
Your white imp freezes the acid dragon.
You barely miss the acid dragon. The acid dragon bites you.
* * * LOW HITPOINT WARNING * * *
The acid dragon barely misses you.
Your white imp hits the acid dragon but does no damage. 😨 HP[-1]
You take 1 damage, and now have 23/66 hp.
You hit the acid dragon but do no damage.
The acid dragon completely misses you. The acid dragon misses you.
Your white imp gestures at the acid dragon.
The puff of frost hits the acid dragon.
You barely miss the acid dragon. The acid dragon spits acid at you.
The splash of acid hits you!
* * * LOW HITPOINT WARNING * * *
The acid corrodes you!
You are splashed with acid!
You die...
Your body crumbles into a pile of gold.

Skill      XL: |  1  2  3  4  5  6  7  8  9 |
---------------+----------------------------+-----
Transmutations | 2 3 4 |  4.2
Spellcasting   | 5 6 |  6.7
Invocations    | 1 2 3 4 |  4.8
Fighting       | 1 2 3 4 |  4.3
Short Blades   | 1 2 3 4 |  4.3
Long Blades    | 1 2 3 4 |  4.3
Axes           | 1 2 3 4 |  4.3
Maces & Flails | 1 2 3 4 |  4.3
Polearms       | 1 2 3 4 |  4.3
Staves         | 1 2 3 4 |  4.3
Slings         | 1 2 3 4 |  4.3
Bows           | 1 2 3 4 |  4.3
Crossbows      | 1 2 3 4 |  4.3
Throwing       | 1 2 3 4 |  4.3
Armour         | 1 2 3 4 |  4.3
Shields        | 1 2 3 4 |  4.3
Unarmed Combat | 1 2 3 4 |  4.3
Evocations     | 1 2 3 4 |  4.3
Conjurations   | 1 2 3 |  3.6
Hexes          | 1 2 3 |  3.6
Summonings     | 1 2 3 |  3.6
Necromancy     | 1 2 3 |  3.6
Translocations | 1 2 3 |  3.6
Fire Magic     | 1 2 3 |  3.6
Ice Magic      | 1 2 3 |  3.6
Air Magic      | 1 2 3 |  3.6
Earth Magic    | 1 2 3 |  3.6
Dodging        | 5 6 |  6.4
Stealth        | 5 6 |  6.1
Poison Magic   | 6 |  6.6

Action                   |  1- 3 |  4- 6 |  7- 9 || total
-------------------------+-------+-------+-------++-------
Melee: Spear             |    73 |     5 |       ||    78
       Bite              |     4 |     5 |    23 ||    32
       Halberd           |       |    63 |       ||    63
       Dagger            |       |    19 |   274 ||   293
       Punch             |       |       |     1 ||     1
 Cast: Sting             |    23 |       |       ||    23
       Poisonous Vapours |     5 |    67 |    63 ||   135
       Call Imp          |       |       |     7 ||     7
       Ignite Poison     |       |       |     4 ||     4
       Olgreb's Toxic Ra |       |       |     3 ||     3
  Use: Scroll            |     2 |     2 |    14 ||    18
       Potion            |       |       |     1 ||     1
 Stab: Sleeping          |     5 |     3 |     9 ||    17
       Distracted        |       |       |     1 ||     1
Armor: Robe              |     7 |    16 |    43 ||    66
Dodge: Dodged            |    49 |    67 |   168 ||   284

Levels and vault maps discovered:
D:1:      enne_arrival_octagon_isle, layout_basic, ebering_ecumenical_altar_mist
D:2:      layout_loops_corners, st_stairs_14, hex_tiny
D:3:      layout_basic, overflow_temple_1_default, ebering_ghost_inner_flame,
          gup_sewer_entry_glass
D:4:      layout_cave_pods, minmay_temple_entry_mini_moons, hangedman_decor_push
D:5:      minmay_razor_zed, layout_cave_pods, nicolae_overflow_crystal_walls,
          guppyfry_early_orc_mine
D:6:      layout_loops_ring, lemuel_coloured_pillars_altar, serial_shops,
          nicolae_shop_waterfront, minmay_mini_ossuary, uniq_grinder
D:7:      layout_basic, lemuel_round_altar, nrook_uturn, st_stairs_14,
          uniq_maggie
Temple:   minmay_temple_forest_path

Notes
Turn   | Place    | Note
-------+----------+-------------------------------------------
     0 | D:1      | spiderkeys the Gnoll Venom Mage began the quest for the
                  | Orb.
     0 | D:1      | Reached XP level 1. HP: 13/13 MP: 6/6
     0 | D:1      | magus.rc [v1.9.10]
    83 | D:1      | HP: 3/13 [hobgoblin (3)]
    87 | D:1      | Reached skill level 2 in Transmutations
    90 | D:1      | HP: 1/13 [jackal (2)]
    93 | D:1      | Reached XP level 2. HP: 2/19 MP: 0/7
   662 | D:1      | Found a faded altar of an unknown god.
   957 | D:1      | Reached XP level 3. HP: 25/25 MP: 6/9
   999 | D:1      | Reached skill level 5 in Spellcasting
  1346 | D:2      | HP: 6/25 [river rat (7)]
  1348 | D:2      | Reached skill level 1 in Invocations
  1744 | D:2      | Reached skill level 1 in Fighting
  1744 | D:2      | Reached skill level 1 in Short Blades
  1744 | D:2      | Reached skill level 1 in Long Blades
  1744 | D:2      | Reached skill level 1 in Axes
  1744 | D:2      | Reached skill level 1 in Maces & Flails
  1744 | D:2      | Reached skill level 1 in Polearms
  1744 | D:2      | Reached skill level 1 in Staves
  1744 | D:2      | Reached skill level 1 in Slings
  1744 | D:2      | Reached skill level 1 in Bows
  1744 | D:2      | Reached skill level 1 in Crossbows
  1744 | D:2      | Reached skill level 1 in Throwing
  1744 | D:2      | Reached skill level 1 in Armour
  1744 | D:2      | Reached skill level 1 in Shields
  1744 | D:2      | Reached skill level 1 in Unarmed Combat
  1744 | D:2      | Reached skill level 1 in Evocations
  1970 | D:1      | Learned a level 2 spell: Poisonous Vapours
  1974 | D:1      | Learned a level 3 spell: Ignite Poison
  2148 | D:2      | Reached XP level 4. HP: 13/32 MP: 3/11
  2518 | D:2      | Reached skill level 1 in Conjurations
  2518 | D:2      | Reached skill level 1 in Hexes
  2518 | D:2      | Reached skill level 1 in Summonings
  2518 | D:2      | Reached skill level 1 in Necromancy
  2518 | D:2      | Reached skill level 1 in Translocations
  2518 | D:2      | Reached skill level 1 in Fire Magic
  2518 | D:2      | Reached skill level 1 in Ice Magic
  2518 | D:2      | Reached skill level 1 in Air Magic
  2518 | D:2      | Reached skill level 1 in Earth Magic
  2595 | D:2      | HP: 8/32 [poisoned by an adder]
  2596 | D:2      | Reached XP level 5. HP: 9/37 MP: 7/12
  3762 | D:3      | Found a runed translucent door.
  3767 | D:3      | Noticed ZappyNine's ghost (amateur DjSu)
  4048 | D:3      | Found a glowing drain.
  4062 | D:3      | Reached skill level 2 in Invocations
  4062 | D:3      | Reached XP level 6. HP: 34/44 MP: 8/13
  4072 | Sewer    | Entered a sewer
  4480 | Sewer    | Reached skill level 2 in Fighting
  4480 | Sewer    | Reached skill level 2 in Short Blades
  4480 | Sewer    | Reached skill level 2 in Long Blades
  4480 | Sewer    | Reached skill level 2 in Axes
  4480 | Sewer    | Reached skill level 2 in Maces & Flails
  4480 | Sewer    | Reached skill level 2 in Polearms
  4480 | Sewer    | Reached skill level 2 in Staves
  4480 | Sewer    | Reached skill level 2 in Slings
  4480 | Sewer    | Reached skill level 2 in Bows
  4480 | Sewer    | Reached skill level 2 in Crossbows
  4480 | Sewer    | Reached skill level 2 in Throwing
  4480 | Sewer    | Reached skill level 2 in Armour
  4480 | Sewer    | Reached skill level 5 in Dodging
  4480 | Sewer    | Reached skill level 2 in Shields
  4480 | Sewer    | Reached skill level 2 in Unarmed Combat
  4480 | Sewer    | Reached skill level 2 in Evocations
  5092 | D:3      | Noticed a necrophage
  5095 | D:3      | Found a hazy altar of Hepliaklqana.
  5115 | D:3      | HP: 10/41 [necrophage (2)]
  5116 | D:3      | Killed a necrophage
  5117 | D:3      | Reached XP level 7. HP: 12/50 MP: 15/15
  5616 | D:3      | Learned a level 3 spell: Mephitic Cloud
  5942 | D:3      | HP: 11/51 [iguana (10)]
  6553 | D:3      | Killed ZappyNine's ghost
  6554 | D:3      | Reached skill level 2 in Conjurations
  6554 | D:3      | Reached skill level 2 in Hexes
  6554 | D:3      | Reached skill level 2 in Summonings
  6554 | D:3      | Reached skill level 2 in Necromancy
  6554 | D:3      | Reached skill level 2 in Translocations
  6554 | D:3      | Reached skill level 3 in Transmutations
  6554 | D:3      | Reached skill level 2 in Fire Magic
  6554 | D:3      | Reached skill level 2 in Ice Magic
  6554 | D:3      | Reached skill level 2 in Air Magic
  6554 | D:3      | Reached skill level 2 in Earth Magic
  7154 | D:4      | Found a staircase to the Ecumenical Temple.
  7163 | Temple   | Entered the Ecumenical Temple
  7673 | D:4      | Reached skill level 5 in Stealth
  7865 | D:4      | You pick up a book of Callings and begin reading...
  7865 | D:4      | You add the spells Summon Small Mammal, Call Imp, Call
                  | Canine Familiar, Summon Guardian Golem, Summon Lightning
                  | Spire and Summon Ice Beast to your library.
  7893 | D:4      | Learned a level 4 spell: Olgreb's Toxic Radiance
  7999 | D:4      | Reached skill level 3 in Invocations
  8512 | D:5      | Entered Level 5 of the Dungeon
  8530 | D:5      | Reached skill level 6 in Poison Magic
  8530 | D:5      | Reached XP level 8. HP: 57/57 MP: 16/16
  8966 | D:5      | Reached skill level 3 in Fighting
  8966 | D:5      | Reached skill level 3 in Short Blades
  8966 | D:5      | Reached skill level 3 in Long Blades
  8966 | D:5      | Reached skill level 3 in Axes
  8966 | D:5      | Reached skill level 3 in Maces & Flails
  8966 | D:5      | Reached skill level 3 in Polearms
  8966 | D:5      | Reached skill level 3 in Staves
  8966 | D:5      | Reached skill level 3 in Slings
  8966 | D:5      | Reached skill level 3 in Bows
  8966 | D:5      | Reached skill level 3 in Crossbows
  8966 | D:5      | Reached skill level 3 in Throwing
  8966 | D:5      | Reached skill level 3 in Armour
  8966 | D:5      | Reached skill level 3 in Shields
  8966 | D:5      | Reached skill level 3 in Unarmed Combat
  8966 | D:5      | Reached skill level 3 in Evocations
  9250 | D:5      | Reached skill level 6 in Spellcasting
  9370 | D:5      | Learned a level 2 spell: Call Imp
  9654 | D:5      | Found an opulent altar of Gozag.
  9692 | D:5      | Became a worshipper of Gozag Ym Sagoz the Greedy
 10142 | D:5      | Reached skill level 4 in Invocations
 10151 | D:5      | Reached skill level 3 in Conjurations
 10151 | D:5      | Reached skill level 3 in Hexes
 10151 | D:5      | Reached skill level 3 in Summonings
 10151 | D:5      | Reached skill level 3 in Necromancy
 10151 | D:5      | Reached skill level 3 in Translocations
 10151 | D:5      | Reached skill level 3 in Fire Magic
 10151 | D:5      | Reached skill level 3 in Ice Magic
 10151 | D:5      | Reached skill level 3 in Air Magic
 10151 | D:5      | Reached skill level 3 in Earth Magic
 10514 | D:6      | Noticed a vampire
 10530 | D:6      | Killed a vampire
 10531 | D:6      | Reached skill level 6 in Dodging
 10531 | D:6      | Reached XP level 9. HP: 43/65 MP: 16/18
 10683 | D:6      | Reached skill level 4 in Fighting
 10683 | D:6      | Reached skill level 4 in Short Blades
 10683 | D:6      | Reached skill level 4 in Long Blades
 10683 | D:6      | Reached skill level 4 in Axes
 10683 | D:6      | Reached skill level 4 in Maces & Flails
 10683 | D:6      | Reached skill level 4 in Polearms
 10683 | D:6      | Reached skill level 4 in Staves
 10683 | D:6      | Reached skill level 4 in Slings
 10683 | D:6      | Reached skill level 4 in Bows
 10683 | D:6      | Reached skill level 4 in Crossbows
 10683 | D:6      | Reached skill level 4 in Throwing
 10683 | D:6      | Reached skill level 4 in Armour
 10683 | D:6      | Reached skill level 4 in Shields
 10683 | D:6      | Reached skill level 4 in Unarmed Combat
 10683 | D:6      | Reached skill level 4 in Transmutations
 10683 | D:6      | Reached skill level 4 in Evocations
 11368 | D:6      | Found a shimmering altar of Xom.
 11495 | D:6      | Found Untelefe's Distillery.
 11587 | D:6      | Noticed Grinder
 11593 | D:6      | Killed Grinder
 11594 | D:6      | Reached skill level 6 in Stealth
 12196 | D:7      | HP: 14/66 [acid dragon/splash of acid (9)]
 12196 | D:7      | Splashed by an acid dragon's acid

Vanquished Creatures
  Grinder (D:6)
  A vampire (D:6)
  A water moccasin (D:4)
  An ice beast (D:6)
  2 necrophages
  An orc warrior (D:5)
  An ogre (D:5)
  A centaur (D:7)
  The ghost of ZappyNine the Magician, an amateur DjSu (D:3)
  2 kobold brigands (Sewer)
  A bullfrog (D:6)
  2 scorpions (D:5)
  4 bullfrog zombies
  3 jellies (D:6)
  A gnoll shaman (D:6)
  2 orc priests
  A bullfrog skeleton (D:5)
  7 hounds
  2 orc wizards
  7 iguanas
  A hound zombie (D:5)
  A mummy (D:6)
  11 gnolls
  A river rat (D:2)
  13 adders
  2 white imps (D:5)
  2 ufetubi
  2 adder zombies
  4 dart slugs
  17 orcs
  6 bats
  5 endoplasms
  7 giant cockroaches
  7 goblins
  10 hobgoblins
  10 jackals
  18 kobolds
  A quokka (D:3)
  9 ball pythons
  4 frilled lizards
  A hobgoblin zombie (D:6)
  A kobold zombie (D:6)
  2 orc zombies (D:6)
  8 rats
185 creatures vanquished.

Table legend:
 A = Non-vault XP
 B = Vault XP
 C = Vault XP percentage of total XP
 D = Non-vault monster count
 E = Vault monster count
 F = Vault count percentage of total count
                 A         B        C        D         E       F
            +---------+---------+-------+---------+---------+-------
      Total |    2262 |    1361 |  37.6 |     127 |      58 |  31.4
            +---------+---------+-------+---------+---------+-------
        D:1 |      43 |       0 |   0.0 |      24 |       0 |   0.0
        D:2 |     153 |      14 |   8.4 |      25 |       1 |   3.8
        D:3 |     287 |     146 |  33.7 |      24 |       6 |  20.0
        D:4 |     320 |       0 |   0.0 |      15 |       0 |   0.0
        D:5 |     297 |     696 |  70.1 |      16 |      21 |  56.8
        D:6 |     965 |     279 |  22.4 |      18 |       6 |  25.0
        D:7 |     197 |       0 |   0.0 |       5 |       0 |   0.0
      Sewer |       0 |     226 | 100.0 |       0 |      24 | 100.0
            +---------+---------+-------+---------+---------+-------

Illustrated notes

Table legend:
 A = Kills in this place as a percentage of kills in entire the game.
 B = Kills by you in this place as a percentage of kills by you in the entire game.
 C = Kills by friends in this place as a percentage of kills by friends in the entire game.
 D = Other kills in this place as a percentage of other kills in the entire game.
 E = Experience gained in this place as a percentage of experience gained in the entire game.
 F = Experience gained in this place divided by the number of levels of this place that you have seen.
                   A       B       C       D       E      F
               +-------+-------+-------+-------+-------+----------------------
         Total | 100.0 | 100.0 |   N/A |   N/A | 100.0 | 402.6
       Dungeon |  87.0 |  87.0 |   N/A |   N/A |  93.8 | 485.3
         Sewer |  13.0 |  13.0 |   N/A |   N/A |   6.2 | 226.0
               +-------+-------+-------+-------+-------+----------------------

Table legend: (Time is in decaauts)
 A = Elapsed time spent in this place.
 B = Non-inter-level travel time spent in this place.
 C = Inter-level travel time spent in this place.
 D = Time resting spent in this place.
 E = Time spent auto-exploring this place.
 F = Levels seen in this place.
 G = Mean time per level.
                   A        B        C        D        E       F      G
               +--------+--------+--------+--------+--------+-----+--------+
         Total |  12205 |  12043 |    162 |   1383 |   9224 |   9 | 1356.1 |
       Dungeon |  10730 |  10610 |    120 |   1284 |   8019 |   7 | 1532.9 |
        Temple |    504 |    462 |     42 |      0 |    461 |   1 |  504.0 |
         Sewer |    969 |    969 |      0 |     99 |    743 |   1 |  969.0 |
               +--------+--------+--------+--------+--------+-----+--------+

Top non-repeatable levels by time:
     D:2: 2276 daAuts
     D:3: 2194 daAuts
     D:5: 1984 daAuts
     D:6: 1421 daAuts
     D:1: 1387 daAuts
     D:4: 1219 daAuts
   Sewer: 969 daAuts
  Temple: 504 daAuts
     D:7: 247 daAuts
